 Dungeon Crawl Stone Soup version 0.22-a0-126-g307c7c3 (webtiles) character file.

5931 SnubMonkey the Basher (level 10, -12/163 (165) HPs)
             Began as an Ogre Berserker on Jan 30, 2018.
             Was an Elder of Trog.
             Mangled by a seven-headed hydra (13 damage)
             ... on level 11 of the Dungeon.
             The game lasted 00:28:24 (15005 turns).

SnubMonkey the Basher (Ogre Berserker)             Turns: 15005, Time: 00:28:25

HP:   -12/163 (165) AC:  3    Str: 31    XL:     10   Next: 83%
MP:   10/10         EV: 11    Int:  8    God:    Trog [****..]
Gold: 529           SH:  4    Dex:  8    Spells: 9/9 levels left

rFire    . . .     SeeInvis .   a - +0 morningstar
rCold    . . .     Gourm    .   (no shield)
rNeg     + . .     Faith    .   D - +0 animal skin
rPois    .         Spirit   .   (helmet restricted)
rElec    .         Reflect  +   F - scarf {repulsion}
rCorr    .         Harm     .   (gloves unavailable)
MR       +....                  (boots unavailable)
Stlth    ..........             C - +4 amulet of reflection
HPRegen  0.37/turn              m - ring of positive energy
MPRegen  0.12/turn              G - ring of flight

@: berserking, repel missiles, very quick
A: large, unfitting armour, tough skin 1
a: Berserk, Trog's Hand, Brothers in Arms, Burn Spellbooks, Renounce Religion,
Evoke Flight


You were on level 11 of the Dungeon.
You worshipped Trog.
Trog was greatly pleased with you.
You were not hungry.

You visited 1 branch of the dungeon, and saw 11 of its levels.

You collected 583 gold pieces.
You spent 54 gold pieces at shops.

Inventory:

Hand Weapons
 a - a +0 morningstar (weapon)
 b - a +0 giant club
 c - a +0 blowgun
 t - a +0 dire flail
Missiles
 d - 234 stones (quivered)
 l - 82 poisoned needles
 v - 3 needles of sleeping
 z - 4 poisoned tomahawks
 E - 7 tomahawks
Armour
 h - a scarf of cloud immunity
 q - a +0 shield
 D - a +0 animal skin (worn)
 F - a scarf of repulsion (worn)
Jewellery
 g - an uncursed amulet of regeneration
 m - a ring of positive energy (left hand)
 C - a +4 amulet of reflection (around neck)
 G - a ring of flight (right hand)
 L - an uncursed amulet of guardian spirit
Wands
 M - a wand of digging (7)
Scrolls
 e - 4 scrolls of fear
 f - 2 scrolls of noise {unknown}
 j - 4 scrolls of enchant weapon
 k - a scroll of teleportation
 p - 3 scrolls of magic mapping
 r - 8 scrolls of remove curse
 A - 2 scrolls of enchant armour {unknown}
 B - 3 scrolls of fog
Potions
 i - 5 potions of agility
 n - 5 potions of curing
 o - 3 potions of brilliance
 s - 2 potions of mutation {unknown}
 u - 2 potions of invisibility {unknown}
 w - a potion of flight {unknown}
 x - a potion of haste {unknown}
 H - 3 potions of might
 I - 3 potions of heal wounds
Books
 J - Sif Muna's Handbook of Creation
   (You found it on level 9 of the Dungeon)

   Spells                             Type                      Level
   a - Summon Small Mammal            Summoning                    1
   Trog disapproves of the use of such an item.
Comestibles
 y - 12 rations


   Skills:
 + Level 10.1 Fighting
 * Level 12.4 Maces & Flails
 + Level 4.9 Dodging


You had 9 spell levels left.
You didn't know any spells.

Dungeon Overview and Level Annotations

Branches:
Dungeon (11/15)            Temple (0/1) D:7            Lair (0/6) D:8
    Orc: D:9-12

Altars:
Cheibriados
Dithmenos
Elyvilon
Gozag
Hepliaklqana
Kikubaaqudgha
Nemelex Xobeh
Okawaru
Ru
Sif Muna
Vehumet
Wu Jian
The Shining One

Shops:
D:5 *   D:11 ?


Innate Abilities, Weirdness & Mutations

You are too large for most types of armour.
You have tough skin. (AC +1)


Message History

* * * LOW HITPOINT WARNING * * *
The seven-headed hydra bites you.
* * * LOW HITPOINT WARNING * * *
The seven-headed hydra bites you!
* * * LOW HITPOINT WARNING * * *
The seven-headed hydra bites you!
* * * LOW HITPOINT WARNING * * *
The seven-headed hydra barely misses you.
You barely miss the seven-headed hydra.
The seven-headed hydra is heavily wounded.
The seven-headed hydra barely misses you.
The seven-headed hydra bites you!
* * * LOW HITPOINT WARNING * * *
The seven-headed hydra bites you!
* * * LOW HITPOINT WARNING * * *
The seven-headed hydra barely misses you.
The seven-headed hydra bites you!
* * * LOW HITPOINT WARNING * * *
The seven-headed hydra bites you!
You die...

#.#.. ######.#..
... #......#.# #.#
#......#.# #..
#......#.######.##
#......)[# ......
#.......##
#.#.####
#.......##
#.......
#..@D....# #.[#
###.##.#.## #†##
#.##.#..####.##
#.##.##.......#
#.##.##.........#
#.##.##.......!.#
#.##.##...........
#.##.##...........
#.........##


You could see a seven-headed hydra.

Vanquished Creatures
  Pikel (D:4)
  A wyvern (D:8)
  The ghost of Graouh the Shield-Bearer, an amateur MiFi of Okawaru (D:4)
  5 yaks (D:10)
  Eustachio (D:5)
  The ghost of Demitroll the Magician, an amateur DEIE (D:3)
  4 sky beasts
  4 ice beasts
  A black bear (D:7)
  2 orc warriors
  3 slaves (D:4)
  A necrophage (D:11)
  2 phantoms
  An ogre (D:7)
  An eye of draining (D:9)
  4 centaurs
  4 bullfrogs
  A big kobold (D:7)
  2 scorpions
  7 killer bees (D:8)
  2 howler monkeys (D:9)
  A centaur zombie (D:5)
  4 crimson imps
  A bullfrog zombie (D:11)
  4 hounds
  2 jellies
  7 orc priests
  2 iguanas
  13 orc wizards
  6 worker ants
  2 hound zombies
  3 gnolls (D:6)
  A howler monkey skeleton (D:7)
  12 adders
  A shadow imp (D:10)
  An ooze (D:3)
  An adder zombie (D:5)
  A worm (D:3)
  2 dart slugs (D:2)
  2 leopard geckos
  41 orcs
  A ball python (D:2)
  7 giant cockroaches
  8 goblins
  6 hobgoblins
  7 jackals
  A quokka (D:4)
  7 bats
  4 frilled lizards
  A jackal skeleton (D:7)
  10 kobolds
  A leopard gecko zombie (D:7)
  10 rats
219 creatures vanquished.

Vanquished Creatures (collateral kills)
  A centaur zombie (D:10)
  A bullfrog (D:10)
  A hound (D:10)
  An iguana (D:10)
  An orc (D:10)
5 creatures vanquished.

Grand Total: 224 creatures vanquished

Notes
Turn   | Place    | Note
-------+----------+-------------------------------------------
     0 | D:1      | SnubMonkey the Ogre Berserker began the quest for the Orb.
     0 | D:1      | Reached XP level 1. HP: 24/24 MP: 1/1
    35 | D:1      | Reached skill level 3 in Maces & Flails
   307 | D:1      | Reached XP level 2. HP: 32/32 MP: 2/2
  1022 | D:2      | Reached XP level 3. HP: 27/39 MP: 3/3
  1023 | D:2      | Found a faded altar of an unknown god.
  1365 | D:2      | Reached skill level 4 in Maces & Flails
  1878 | D:2      | Reached XP level 4. HP: 43/48 MP: 4/4
  1883 | D:2      | Reached ** piety under Trog
  2777 | D:3      | Reached skill level 5 in Maces & Flails
  2777 | D:3      | Reached XP level 5. HP: 49/54 MP: 5/5
  3810 | D:3      | Noticed Demitroll's ghost (amateur DEIE)
  4403 | D:3      | Killed Demitroll's ghost
  4403 | D:3      | Reached skill level 6 in Maces & Flails
  4403 | D:3      | Reached XP level 6. HP: 37/62 MP: 6/6
  4707 | D:4      | Noticed Graouh's ghost (amateur MiFi)
  4725 | D:4      | Killed Graouh's ghost
  4725 | D:4      | Reached skill level 7 in Maces & Flails
  4725 | D:4      | Reached XP level 7. HP: 70/70 MP: 7/7
  4959 | D:4      | Reached *** piety under Trog
  5256 | D:4      | Noticed Pikel
  5631 | D:4      | Killed Pikel
  5631 | D:4      | Reached skill level 8 in Maces & Flails
  5631 | D:4      | Reached XP level 8. HP: 78/78 MP: 8/8
  6146 | D:5      | Entered Level 5 of the Dungeon
  6176 | D:5      | Noticed Eustachio
  6221 | D:5      | Killed Eustachio
  6221 | D:5      | Reached skill level 9 in Maces & Flails
  6854 | D:5      | Reached skill level 5 in Fighting
  7325 | D:5      | Found Kakloegh's Assorted Antiques.
  7328 | D:5      | Bought a scroll of identify for 54 gold pieces
  7467 | D:5      | Found a glowing golden altar of the Shining One.
  8007 | D:6      | Reached skill level 10 in Maces & Flails
  8007 | D:6      | Reached XP level 9. HP: 91/91 MP: 9/9
  8672 | D:6      | Found a white marble altar of Elyvilon.
  8681 | D:6      | Found a shadowy altar of Dithmenos.
  8685 | D:6      | Found an iron altar of Okawaru.
  8685 | D:6      | Found an ornate altar of the Wu Jian Council.
  8686 | D:6      | Found an opulent altar of Gozag.
  8686 | D:6      | Found a sparkling altar of Nemelex Xobeh.
  8687 | D:6      | Found a hazy altar of Hepliaklqana.
  9833 | D:7      | Found a sacrificial altar of Ru.
  9857 | D:7      | Reached **** piety under Trog
  9857 | D:7      | Reached skill level 11 in Maces & Flails
 10115 | D:7      | Found a staircase to the Ecumenical Temple.
 11159 | D:8      | Reached XP level 10. HP: 104/106 MP: 10/10
 11246 | D:8      | Found a staircase to the Lair.
 13085 | D:9      | Found a deep blue altar of Sif Muna.
 13098 | D:9      | Identified Sif Muna's Handbook of Creation
 13119 | D:9      | Found an ancient bone altar of Kikubaaqudgha.
 13128 | D:9      | Found a radiant altar of Vehumet.
 13312 | D:10     | Entered Level 10 of the Dungeon
 13794 | D:10     | Found a snail-covered altar of Cheibriados.
 13849 | D:10     | Reached skill level 12 in Maces & Flails
 14401 | D:10     | Reached skill level 10 in Fighting
 14674 | D:11     | Found Tuepouqy's Magic Scroll Shoppe.
 14674 | D:11     | Noticed a seven-headed hydra
 15005 | D:11     | HP: 1/163 [seven-headed hydra (8)]
 15005 | D:11     | Mangled by a seven-headed hydra

Vault maps used:
D:1:      minmay_arrival_three_doors
D:2:      chequers_ecumenical_altar_simple
D:4:      first_ration, uniq_pikel
D:5:      kennysheep_little_box, serial_shops, kennysheep_mini, uniq_eustachio
D:6:      minitemple, minmay_stone_trees_small
D:7:      minmay_cornered_nines, lemuel_round_altar,
          minmay_temple_entry_nine_rooms
D:8:      dpeg_oklobed_lair
D:9:      palyth_temple_overflow_mages
D:10:     basic_altar
D:11:     erik_orc_2, serial_shops, shop

Skill      XL: |  1  2  3  4  5  6  7  8  9 10 |
---------------+-------------------------------+-----
Maces & Flails | 3 4 5 6 7 8 10 11 12 | 12.4
Fighting       | 6 8 10 | 10.1
Dodging        | 3 4 |  4.9

Action                   |  1- 3 |  4- 6 |  7- 9 | 10-12 || total
-------------------------+-------+-------+-------+-------++-------
Melee: Mace              |    96 |    66 |       |       ||   162
       Flail             |       |   115 |   298 |       ||   413
       Whip              |       |       |    33 |       ||    33
       Morningstar       |       |       |    32 |   210 ||   242
Throw: Stone             |       |     8 |       |       ||     8
Invok: Berserk           |     1 |     4 |    10 |     8 ||    23
       Trog's Hand       |       |     1 |     1 |       ||     2
       Brothers in Arms  |       |       |       |     1 ||     1
  Use: Scroll            |       |     1 |    10 |     5 ||    16
  Eat: Chunk             |     4 |    12 |    18 |    13 ||    47
       Ration            |       |       |     4 |     2 ||     6
Armor: Animal skin       |    26 |    34 |    56 |    23 ||   139
Dodge: Dodged            |    63 |    76 |   150 |    87 ||   376
       Deflected         |       |       |     2 |     1 ||     3
Block: Other             |       |       |    52 |    31 ||    83
       Reflection        |       |       |     2 |       ||     2

Table legend:
 A = Spawn XP
 B = Non-spawn XP
 C = Spawn XP percentage of total XP
 D = Spawn monster count
 E = Non-spawn monster count
 F = Spawn count percentage of total count
 G = Total turns spent on level
                    A         B        C        D         E        F      G
               +---------+---------+-------+---------+---------+-------+---------
         Total |       0 |    8474 |   0.0 |       0 |     221 |   0.0 | 15005
               +---------+---------+-------+---------+---------+-------+---------
           D:1 |       0 |      27 |   0.0 |       0 |      16 |   0.0 |   993
           D:2 |       0 |     101 |   0.0 |       0 |      26 |   0.0 |  1707
           D:3 |       0 |     325 |   0.0 |       0 |      35 |   0.0 |  1906
           D:4 |       0 |     873 |   0.0 |       0 |      11 |   0.0 |  1729
           D:5 |       0 |     770 |   0.0 |       0 |      14 |   0.0 |  1212
           D:6 |       0 |     713 |   0.0 |       0 |      11 |   0.0 |  1437
           D:7 |       0 |    1299 |   0.0 |       0 |      35 |   0.0 |  1626
           D:8 |       0 |    1049 |   0.0 |       0 |      18 |   0.0 |  1618
           D:9 |       0 |     880 |   0.0 |       0 |      19 |   0.0 |  1605
          D:10 |       0 |    1969 |   0.0 |       0 |      31 |   0.0 |   969
          D:11 |       0 |     468 |   0.0 |       0 |       5 |   0.0 |   203
               +---------+---------+-------+---------+---------+-------+---------
